 Dungeon Crawl Stone Soup version 0.21.1-1-g345015f (webtiles) character file.

9 Monsterracer the Chiller (level 2, 0/24 HPs)
             Began as a Troll Ice Elementalist on Apr 14, 2018.
             Slain by a jackal (2 damage)
             ... on level 1 of the Dungeon.
             The game lasted 00:01:19 (151 turns).

Monsterracer the Chiller (Troll Ice Elementalist)    Turns: 151, Time: 00:01:20

Health: 0/24       AC:  5    Str: 15    XL:     2   Next: 6%
Magic:  2/2        EV: 10    Int: 11    God:
Gold:   10         SH:  0    Dex: 10    Spells: 2/3 levels left

rFire    . . .     SeeInvis .     - Unarmed
rCold    . . .     Gourm    +   (no shield)
rNeg     . . .     Faith    .   a - +0 robe
rPois    .         Spirit   .   (helmet restricted)
rElec    .         Reflect  .   (no cloak)
rCorr    .         Harm     .   (gloves unavailable)
MR       .....                  (boots unavailable)
Stlth    +.........             (no amulet)
HPRegen  0.48/turn              (no ring)
MPRegen  0.08/turn              (no ring)

@: no status effects
A: large, unfitting armour, claws 3, fast metabolism 3, gourmand, regeneration
1, shaggy fur 1, tough skin 2
a: no special abilities


You were on level 1 of the Dungeon.
You were full.

You visited 1 branch of the dungeon, and saw 1 of its levels.

You collected 10 gold pieces.

Inventory:

Armour
 a - a +0 robe (worn)
Jewellery
 f - an uncursed ring of fire
Scrolls
 e - a scroll of identify {unknown}
Potions
 b - a potion of curing {unknown}
 d - a potion of agility {unknown}
Comestibles
 c - 3 rations


   Skills:
 - Level 1.5 Dodging
 - Level 1.0 Stealth
 + Level 1.7 Unarmed Combat
 - Level 1.2 Spellcasting
   Level 0.6 Conjurations
 - Level 2.1 Ice Magic


You had 2 spell levels left.
You knew the following spells:

 Your Spells              Type           Power        Failure   Level  Hunger
a - Freeze                Ice            #...         13%         1    ##.....


Dungeon Overview and Level Annotations

Branches:
Dungeon (1/15)

Altars:


Innate Abilities, Weirdness & Mutations

You are too large for most types of armour.
You have claws for hands.
Your metabolism is lightning-fast.
You like to eat raw meat.
Your natural rate of healing is unusually fast.
You are covered in fur. (AC +1)
You have very tough skin. (AC +2)


Message History

Found a ration.
A leopard gecko is nearby!
A leopard gecko is nearby!
A jackal comes into view.
The jackal barks!
The leopard gecko hisses menacingly.
Found a ration.
A jackal comes into view.
The jackal barks!
The leopard gecko bites you. The leopard gecko barely misses you.
Found a stone staircase leading down.
A goblin comes into view. It is wielding a dagger.
You take 1 damage, and have 15/16 hp.
The goblin shouts!
You scratch the leopard gecko but do no damage.
The leopard gecko barely misses you.
You closely miss the leopard gecko.
The jackal bites you but does no damage.
The leopard gecko misses you. The jackal bites you.
You closely miss the jackal. The leopard gecko bites you.
The jackal bites you but does no damage.
The jackal closely misses you.
You take 1 damage, and have 14/16 hp.
You closely miss the jackal. The jackal barely misses you.
The leopard gecko bites you.
The jackal bites you but does no damage.
The jackal completely misses you.
You take 1 damage, and have 13/16 hp.
The jackal bites you but does no damage. x2
The leopard gecko barely misses you. The jackal bites you.
The jackal bites you but does no damage.
The leopard gecko hisses menacingly.
You take 2 damage, and have 12/16 hp.
The jackal bites you but does no damage. x2
The jackal misses you.
The jackal stops to sniff the ground.
The leopard gecko bites you.
You take 1 damage, and have 12/16 hp.
You closely miss the leopard gecko. The leopard gecko bites you.
You take 2 damage, and have 10/16 hp.
You scratch the leopard gecko.
The leopard gecko is heavily wounded.
The leopard gecko barely misses you.
You miss the leopard gecko.
The leopard gecko is heavily wounded.
The leopard gecko bites you.
You take 1 damage, and have 10/16 hp.
You miss the leopard gecko.
The leopard gecko is heavily wounded.
The leopard gecko closely misses you.
You closely miss the leopard gecko.
The leopard gecko is heavily wounded.
The leopard gecko bites you but does no damage.
The leopard gecko barely misses you.
You closely miss the leopard gecko.
The leopard gecko is heavily wounded.
The leopard gecko bites you but does no damage.
You completely miss the leopard gecko.
The leopard gecko is heavily wounded.
The leopard gecko barely misses you.
You completely miss the leopard gecko.
The leopard gecko is heavily wounded.
The leopard gecko closely misses you.
You miss the leopard gecko.
The leopard gecko is heavily wounded.
The leopard gecko bites you.
You closely miss the leopard gecko.
The leopard gecko is heavily wounded.
The leopard gecko closely misses you.
Unknown command.
You claw the leopard gecko!
You kill the leopard gecko!
The jackal bites you.
You scratch the jackal.
You kill the jackal!
You have reached level 2!
You regained 6 hp, and now have 18/24 hp.
MP restored: 2 You scratch the goblin but do no damage.
The goblin hits you with a dagger.
You take 3 damage, and have 15/24 hp.
You barely miss the goblin. The goblin hits you with a dagger.
* * * LOW HITPOINT WARNING * * *
You take 4 damage, and have 11/24 hp.
You closely miss the goblin. The goblin hits you but does no damage.
You barely miss the goblin. The goblin hits you with a dagger.
* * * LOW HITPOINT WARNING * * *
You take 4 damage, and have 8/24 hp.
You completely miss the goblin. The goblin hits you with a dagger.
* * * LOW HITPOINT WARNING * * *
You take 5 damage, and have 3/24 hp.
MASSIVE DAMAGE!!
You scratch the goblin but do no damage.
The goblin hits you with a dagger.
* * * LOW HITPOINT WARNING * * *
You take 1 damage, and have 2/24 hp.
You scratch the goblin.
You kill the goblin!
The jackal bites you.
You die...

#.# #.# ####### #.#
....... #.# ....... #.#
....... ..... #.# .......
..... #.################
.%.... #@#$............#.
...... #h#.##......###.#.
......##.#.##......# #.#.
...........######### #.#.
...........# #...
....#.....###########..#
>...................##..#
..........%..............
.#####.....#.........#..#


You could see a jackal.

Vanquished Creatures
  A leopard gecko (D:1)
  A giant cockroach (D:1)
  A goblin (D:1)
  A hobgoblin (D:1)
  A jackal (D:1)
  A frilled lizard (D:1)
  A kobold (D:1)
  A rat (D:1)
8 creatures vanquished.

Notes
Turn   | Place    | Note
-------+----------+-------------------------------------------
     0 | D:1      | Monsterracer the Troll Ice Elementalist began the quest for the Orb.
     0 | D:1      | Reached XP level 1. HP: 16/16 MP: 1/1
    85 | D:1      | Reached skill level 1 in Unarmed Combat
   144 | D:1      | Reached XP level 2. HP: 18/24 MP: 2/2
   146 | D:1      | HP: 11/24 [goblin/dagger (4)]
   149 | D:1      | HP: 3/24 [goblin/dagger (5)]
   151 | D:1      | Slain by a jackal

Skill      XL: |  1 |
---------------+----+-----
Unarmed Combat | 1 |  1.7
Dodging        | |  1.5
Stealth        | |  1.0
Spellcasting   | |  1.2
Conjurations   | |  0.6
Ice Magic      | |  2.1

Action                   || total
-------------------------++-------
Melee: Unarmed           ||    41
 Stab: Sleeping          ||     1
  Eat: Chunk             ||     4
Armor: Robe              ||    17
Dodge: Dodged            ||    20

Vault maps used:
D:1:      eino_arrival_tree_alley, lexackson_kobold_supper
